 Dungeon Crawl Stone Soup version 0.29.0-3-gbb0933ed62 (webtiles) character file.

Game seed: 3544807157493044697

834 LynnLen the Sneak (level 7, -6/36 HPs)
             Began as a Spriggan Enchanter on Aug 25, 2022.
             Mangled by a black bear (7 damage)
             ... on level 6 of the Dungeon on Aug 26, 2022.
             The game lasted 00:21:08 (6791 turns).

LynnLen the Sneak (Spriggan Enchanter)              Turns: 6791, Time: 00:21:08

Health: -6/36      AC:  2    Str:  4    XL:     7   Next: 66%
Magic:  11/16      EV: 17    Int: 19    God:
Gold:   264        SH:  0    Dex: 15    Spells: 5/16 levels left

rFire   x . .      SeeInvis +   v - +4 short sword (speed)
rCold   + . .      Faith    .   (no shield)
rNeg    . . .      Spirit   .   b - +0 robe
rPois   .          Reflect  .   (helmet restricted)
rElec   .          Harm     .   (no cloak)
rCorr   .          Rampage  .   (gloves unavailable)
Will    +....                   (boots unavailable)
Stlth   ++++......              (no amulet)
HPRegen 0.12/turn               i - ring of ice
MPRegen 0.15/turn               j - ring of wizardry

@: confusing by touch, very quick
A: very small, no large weapons, unfitting armour, see invisible, speed 3
a: no special abilities


You were on level 6 of the Dungeon.
You visited 1 branch of the dungeon, and saw 6 of its levels.

You collected 264 gold pieces.

Inventory:

Hand Weapons
 a - a +1 dagger
 q - a +0 dagger of electrocution
 v - a +4 short sword of speed (weapon)
Missiles
 g - 53 stones
 n - 3 atropa-tipped darts
Armour
 b - a +0 robe (worn)
Jewellery
 i - a ring of ice (left hand)
 j - a ring of wizardry (right hand)
 x - a +4 ring of evasion
Wands
 h - a wand of light (12)
Scrolls
 d - 2 scrolls of teleportation
 e - a scroll of fear
 k - a scroll of noise {unknown}
 r - a scroll of poison {unknown}
 s - a scroll of torment {unknown}
 u - a scroll of blinking {unknown}
 z - a scroll of brand weapon {unknown}
Potions
 c - 3 potions of invisibility
 f - a potion of cancellation
 l - a potion of lignification
 m - a potion of haste
 o - 3 potions of mutation
 p - 2 potions of heal wounds
 t - a potion of brilliance
 w - a potion of attraction {unknown}
 A - a potion of degeneration {unknown}


   Skills:
 + Level 3.1 Fighting
 - Level 1.1 Short Blades
 - Level 2.6 Dodging
 + Level 7.5 Stealth
 + Level 5.3 Spellcasting
 + Level 1.8 Conjurations
 + Level 5.8 Hexes
 - Level 1.3 Ice Magic


You had 5 spell levels left.
You knew the following spells:

 Your Spells              Type           Power      Damage    Failure   Level
a - Ensorcelled Hibernat  Hex/Ice        56%        N/A       1%          2
b - Confusing Touch       Hex            27%        N/A       1%          3
c - Tukima's Dance        Hex            27%        N/A       1%          3
d - Dazzling Flash        Conj/Hex       38%        N/A       3%          3

Your spell library contained the following spells:

 Spells                   Type           Power      Damage    Failure   Level
 Slow                     Hex            100%       N/A       1%          1
 Sandblast                Erth           10%        2d5       4%          1
 Passwall                 Tmut/Erth      4%         N/A       8%          2
 Scorch                   Fire           10%        2d6       8%          2
 Stone Arrow              Conj/Erth      16%        3d8       10%         3
 Vampiric Draining        Necr           5%         2d6       14%         3
 Flame Wave               Conj/Fire      8%         2d5       32%         4
 Summon Cactus Giant      Summ           2%         N/A       99%         6


Dungeon Overview and Level Annotations

Branches:
Dungeon (6/15)
 Temple: D:4-7

Altars:


Innate Abilities, Weirdness & Mutations

You are very small and have problems with some larger weapons.
You are too small for most types of armour.
You have supernaturally acute eyesight. (SInv)
You cover ground extremely quickly. (Speed+++)


Message History

You feel sick.
There is a stone staircase leading up, spattered with blood here.
You see here an adder corpse.
You feel sick.
You climb upwards.
You feel sick.
There is a stone staircase leading down here.
You start resting.
You feel sick. x2
You are no longer poisoned.
You start resting.
Magic restored.
You start resting.
HP restored.
You climb downwards.
The black bear completely misses you. The black bear closely misses you.
The black bear claws you. The black bear closely misses you.
The black bear misses you. The black bear closely misses you.
There is a stone staircase leading up, spattered with blood here.
You see here an adder corpse.
Aiming: Ensorcelled Hibernation (safe; 1% risk of failure)
Press: ? - help, Q - select action, (/) - cycle Shift-Dir - straight line, f - black bear
Aim: a black bear (chance to affect: 59%)
You feel a surge of power!
The black bear looks drowsy...
The helpless black bear fails to defend itself.
You impale the black bear!!
The black bear is severely wounded.
The black bear goes berserk!
Casting: Confusing Touch (safe; 1% risk of failure)
Press: ? - help, Q - select action, (/) - cycle Dir - look around, f - activate Your hands begin to glow red.
The black bear bites you! The black bear claws you. The black bear misses you.
You hit the black bear but do no damage.
The black bear is severely wounded.
The black bear bites you!
* * * LOW HITPOINT WARNING * * *
The black bear barely misses you. The black bear claws you!
* * * LOW HITPOINT WARNING * * *
You hit the black bear but do no damage.
The black bear is severely wounded.
The black bear barely misses you. The black bear claws you!
You die...

.....###.
#.....#.#
###...../#
#........####
#####...........#
..............#
#..........#
#..h@.# #....###
#......# #......#
#...<....
...........
#.##......... ..
##...#..(.


You could see a black bear (berserk).

Vanquished Creatures
  A black bear (D:3)
  An ogre (D:4)
  A centaur (D:5)
  A phantom (D:5)
  3 scorpions
  2 hounds
  3 jellies
  An iguana (D:4)
  An orc wizard (D:4)
  6 adders
  A shadow imp (D:5)
  3 dart slugs
  7 orcs
  4 endoplasms
  5 goblins
  8 hobgoblins
  2 jackals (D:5)
  5 quokkas
  7 ball pythons
  5 bats
  5 kobolds
  2 rats
74 creatures vanquished.

Vanquished Creatures (others)
  13 fungi (D:5)
13 creatures vanquished.

Grand Total: 87 creatures vanquished

Notes
Turn   | Place    | Note
-------+----------+-------------------------------------------
     0 | D:1      | LynnLen the Spriggan Enchanter began the quest for the Orb.
     0 | D:1      | Reached XP level 1. HP: 9/9 MP: 5/5
     0 | D:1      | Noticed an ice dragon
     1 | D:1      | Noticed an orb of fire
     3 | D:1      | Noticed a green draconian
     5 | D:1      | Noticed a yellow draconian
     6 | D:1      | Noticed a large abomination
     8 | D:1      | Noticed a large abomination
    10 | D:1      | Noticed an orb of fire
    10 | D:1      | Noticed a black draconian
    12 | D:1      | Noticed a large abomination
    12 | D:1      | Noticed a shadow dragon
    13 | D:1      | Noticed a tentacled monstrosity
    15 | D:1      | Noticed a tentacled monstrosity
    15 | D:1      | Noticed an ice dragon
    17 | D:1      | Noticed a large abomination
    17 | D:1      | Noticed an iron dragon
    17 | D:1      | Noticed an iron dragon
    19 | D:1      | Noticed a purple draconian
    19 | D:1      | Noticed a tentacled monstrosity
    23 | D:1      | Noticed an orb of fire
   430 | D:1      | Reached XP level 2. HP: 14/14 MP: 6/6
   435 | D:1      | Learned a level 2 spell: Ensorcelled Hibernation
   686 | D:1      | Found a faded altar of an unknown god.
  1245 | D:1      | Reached skill level 5 in Stealth
  1821 | D:2      | Reached XP level 3. HP: 12/17 MP: 8/8
  2288 | D:2      | Reached skill level 1 in Fighting
  3314 | D:4      | Learned a level 3 spell: Confusing Touch
  3318 | D:4      | Learned a level 3 spell: Tukima's Dance
  3410 | D:4      | Noticed an ogre
  3431 | D:4      | Reached XP level 4. HP: 19/22 MP: 0/10
  3817 | D:4      | Noticed a black bear
  4018 | D:3      | Killed a black bear
  4019 | D:3      | Reached skill level 6 in Stealth
  4019 | D:3      | Reached XP level 5. HP: 4/26 MP: 4/12
  4297 | D:3      | Learned a level 3 spell: Dazzling Flash
  4664 | D:4      | Reached skill level 5 in Hexes
  4770 | D:4      | Reached XP level 6. HP: 16/30 MP: 10/13
  4960 | D:4      | Reached skill level 1 in Conjurations
  4960 | D:4      | Reached skill level 1 in Ice Magic
  5226 | D:5      | Entered Level 5 of the Dungeon
  5393 | D:5      | Reached XP level 7. HP: 35/35 MP: 10/15
  5570 | D:5      | Reached skill level 7 in Stealth
  5737 | D:5      | Reached skill level 5 in Spellcasting
  6790 | D:6      | HP: 1/36 [black bear (7)]
  6791 | D:6      | Mangled by a black bear

Illustrated notes

Levels and vault maps discovered:
D:1:      shiori_arrival_whats_in_store_for_you, layout_rooms,
          hellmonk_ecumenical_altar_lost_god
D:2:      layout_basic, minmay_misc_feat_iff
D:3:      wad_pebble_path, layout_basic
D:4:      layout_cave_pools, kennysheep_another_room
D:5:      minmay_angry_zag, layout_loops_ring, serial_aquarium,
          aquarium_bridge_island_large [aquarium_subvault_large_4_pools,
          aquarium_subvault_window, aquarium_subvault_bridge,
          aquarium_subvault_balcony, aquarium_subvault_wall],
          aquarium_bridge_square [aquarium_subvault_window,
          aquarium_subvault_bridge, aquarium_subvault_bridge,
          aquarium_subvault_window], aquarium_window_1, aquarium_window_fake,
          aquarium_window_fake, aquarium_view_2a, aquarium_view_2d,
          aquarium_pool_five, roderic_lattice_a
D:6:      layout_loops_ring, minmay_temple_entry_butterflies,
          minmay_starry_boxes

Skill      XL: |  1  2  3  4  5  6  7 |
---------------+----------------------+-----
Spellcasting   | 3 4 5 |  5.3
Hexes          | 4 5 |  5.8
Stealth        | 5 6 7 |  7.5
Fighting       | 1 2 3 |  3.1
Conjurations   | 1 |  1.8
Ice Magic      | 1 |  1.3
Short Blades   | |  1.1
Dodging        | |  2.6

Action                   |  1- 3 |  4- 6 |  7- 9 || total
-------------------------+-------+-------+-------++-------
Melee: Dagger            |   102 |     3 |       ||   105
       Short sword       |       |    50 |    45 ||    95
       Punch             |       |     1 |       ||     1
Throw: Dart              |       |     5 |       ||     5
 Cast: Ensorcelled Hiber |    17 |    21 |     6 ||    44
       Tukima's Dance    |       |     2 |       ||     2
       Confusing Touch   |       |     1 |     4 ||     5
  Use: Scroll            |     6 |       |     1 ||     7
       Potion            |       |       |     1 ||     1
 Stab: Sleeping          |    16 |    15 |     9 ||    40
       Invisible         |       |     1 |       ||     1
       Confused          |       |     1 |     1 ||     2
Armor: Robe              |    15 |     2 |     2 ||    19
Dodge: Dodged            |    70 |    35 |    28 ||   133
